| TOP OF THE 1ST |
|
Greeneville Astros batting - Pitching for Boston (APP) Red Sox : RHP Ryuhei Shimabukuro
|
|
Pitching: RHP Ryuhei Shimabukuro
|
|
|
Batting: RHB Omar Amaya
|
0-0: Ball 1-0: Swinging Strike 1-1: Called Strike 1-2: Strikes out looking
|
|
Batting: LHB Josh Corkery
|
0-0: Ball 1-0: Ball 2-0: Ball 3-0: Base on Balls
|
|
Batting: LHB Mark Dearth
|
0-0: Called Strike 0-1: Fly out, F8 (Line Drive, 8RD, EV 90.0 MPH)
|
|
Batting: RHB Erik Smith
|
0-0: Ball 1-0: Ball 2-0: Swinging Strike 2-1: Called Strike 2-2: Strikes out swinging
|
| Top of the 1st over - 0 runs, 0 hits, 0 errors, 1 left on base; Greeneville 0 - Boston (APP) 0 |
| BOTTOM OF THE 1ST |
|
Boston (APP) Red Sox batting - Pitching for Greeneville Astros : RHP Josh Willig
|
|
Pitching: RHP Josh Willig
|
|
|
Batting: RHB Jim Hubbard
|
0-0: Ball 1-0: Called Strike 1-1: Foul Ball, location: 2F 1-2: Ball 2-2: Ball 3-2: SINGLE (Groundball, 56S, EV 75.6 MPH) (infield hit)
|
|
Batting: SHB Salvador Padilla
|
0-0: Ball 1-0: Ball 2-0: Foul Ball, location: 2F 2-1: Foul Ball, location: 2F 2-2: Ball 3-2: Base on Balls Jim Hubbard to second
|
|
Batting: LHB Carlos Guerra
|
0-0: Ball 1-0: DOUBLE (Line Drive, 9LS, EV 102.5 MPH) Jim Hubbard scores Salvador Padilla to third
|
|
Batting: RHB Alex Melendez
|
0-0: Fly out, F7 (Line Drive, 7LM, EV 93.1 MPH) Runner from 3rd tags up, SCORES, throw by LF
|
|
Batting: RHB Aukukero Tairi
|
0-0: Called Strike 0-1: Fly out, F6 (Popup, 6M, EV 76.2 MPH)
|
|
Batting: RHB Tony Gallegos
|
0-0: Called Strike 0-1: Foul Ball, location: 2F 0-2: Foul Ball, location: 2F 0-2: Strikes out swinging
|
| Bottom of the 1st over - 2 runs, 2 hits, 0 errors, 1 left on base; Greeneville 0 - Boston (APP) 2 |
| TOP OF THE 2ND |
|
Greeneville Astros batting - Pitching for Boston (APP) Red Sox : RHP Ryuhei Shimabukuro
|
|
Batting: LHB Daigo Ishii
|
0-0: Ball 1-0: Swinging Strike 1-1: Foul Ball, location: 2F 1-2: Foul Ball, location: 2F 1-2: Foul Ball, location: 2F 1-2: Ball 2-2: Ball 3-2: Base on Balls
|
|
Batting: RHB Russ Greer
|
0-0: Fielders Choice at 2nd, 5-4 (Groundball, 56, EV 93.8 MPH)
|
|
Batting: RHB Chris Miller
|
0-0: Ball 1-0: Swinging Strike 1-1: Foul Ball, location: 2F 1-2: Strikes out looking
|
|
Batting: RHB Yoshitoshi Mori
|
0-0: Ball 1-0: Ball 2-0: Foul Ball, location: 2F 2-1: Called Strike 2-2: Foul Ball, location: 2F 2-2: Ball 3-2: Foul Ball, location: 2F 3-2: Foul Ball, location: 2F 3-2: SINGLE (Groundball, 56D, EV 102.5 MPH) Russ Greer to second Russ Greer to third
|
|
Batting: RHB Gabe Allen
|
0-0: Called Strike 0-1: Reached on error, E6 (Groundball, 56D, EV 107.5 MPH) Russ Greer scores Yoshitoshi Mori to second
|
|
Batting: RHB Omar Amaya
|
0-0: Swinging Strike 0-1: Foul Ball, location: 2F 0-2: Strikes out swinging
|
| Top of the 2nd over - 1 run, 1 hit, 1 error, 2 left on base; Greeneville 1 - Boston (APP) 2 |
| BOTTOM OF THE 2ND |
|
Boston (APP) Red Sox batting - Pitching for Greeneville Astros : RHP Josh Willig
|
|
Batting: RHB Miguel Villanueva
|
0-0: Called Strike 0-1: Foul Ball, location: 2F 0-2: Ball 1-2: Foul Ball, location: 2F 1-2: DOUBLE (Groundball, 3L, EV 103.1 MPH)
|
|
Batting: RHB Joe Booth
|
0-0: Swinging Strike 0-1: Foul Ball, location: 2F 0-2: Ball 1-2: Ball 2-2: Strikes out swinging
|
|
Batting: SHB Danny Marquez
|
0-0: Ball 1-0: Foul Ball, location: 2F 1-1: Fly out, F9 (Line Drive, 9LM, EV 92.5 MPH)
|
|
Batting: RHB Jim Hubbard
|
0-0: Ball 1-0: Ball 2-0: Called Strike 2-1: Foul Ball, location: 2F 2-2: Strikes out looking
|
| Bottom of the 2nd over - 0 runs, 1 hit, 0 errors, 1 left on base; Greeneville 1 - Boston (APP) 2 |
| TOP OF THE 3RD |
|
Greeneville Astros batting - Pitching for Boston (APP) Red Sox : RHP Ryuhei Shimabukuro
|
|
Batting: LHB Josh Corkery
|
0-0: Ball 1-0: Ball 2-0: Called Strike 2-1: Swinging Strike 2-2: Strikes out swinging
|
|
Batting: LHB Mark Dearth
|
0-0: Ball 1-0: Ball 2-0: Ball 3-0: Called Strike 3-1: Ground out 6-3 (Groundball, 6, EV 101.2 MPH)
|
|
Batting: RHB Erik Smith
|
0-0: Called Strike 0-1: Foul Ball, location: 2F 0-2: Foul Ball, location: 2F 0-2: Strikes out swinging
|
| Top of the 3rd over - 0 runs, 0 hits, 0 errors, 0 left on base; Greeneville 1 - Boston (APP) 2 |
| BOTTOM OF THE 3RD |
|
Boston (APP) Red Sox batting - Pitching for Greeneville Astros : RHP Josh Willig
|
|
Batting: SHB Salvador Padilla
|
0-0: Called Strike 0-1: Called Strike 0-2: SINGLE (Groundball, 34D, EV 101.9 MPH)
|
|
Batting: LHB Carlos Guerra
|
0-0: Ball 1-0: Called Strike 1-1: Ball 2-1: Foul Ball, location: 2F 2-2: Strikes out looking
|
|
Batting: RHB Alex Melendez
|
0-0: Called Strike 0-1: Swinging Strike 0-2: Ball 1-2: Ball 2-2: Foul Ball, location: 2F 2-2: Ball 3-2: SINGLE (Groundball, 56D, EV 102.5 MPH) Salvador Padilla to second Salvador Padilla to third
|
|
Batting: RHB Aukukero Tairi
|
0-0: Grounds into double play, 6-4-3 (Groundball, 6, EV 85.0 MPH)
|
| Bottom of the 3rd over - 0 runs, 2 hits, 0 errors, 1 left on base; Greeneville 1 - Boston (APP) 2 |
| TOP OF THE 4TH |
|
Greeneville Astros batting - Pitching for Boston (APP) Red Sox : RHP Ryuhei Shimabukuro
|
|
Batting: LHB Daigo Ishii
|
0-0: Ball 1-0: Ball 2-0: Swinging Strike 2-1: Foul Ball, location: 2F 2-2: Ball 3-2: Base on Balls
|
|
Batting: RHB Russ Greer
|
0-0: Called Strike 0-1: Foul Ball, location: 2F 0-2: Ball 1-2: Strikes out swinging
|
|
Batting: RHB Chris Miller
|
0-0: Called Strike 0-1: Ball 1-1: Fly out, F4 (Popup, 4M, EV 68.8 MPH)
|
|
Batting: RHB Yoshitoshi Mori
|
0-0: Ball 1-0: Swinging Strike 1-1: 2-RUN HOME RUN (Flyball, 8LXD, EV 112.5 MPH), Distance : 438 ft
|
|
Batting: RHB Gabe Allen
|
0-0: Foul Ball, location: 2F 0-1: Called Strike 0-2: Foul Ball, location: 2F 0-2: Foul Ball, location: 2F 0-2: Ball 1-2: Ball 2-2: Foul Ball, location: 2F 2-2: Strikes out swinging
|
| Top of the 4th over - 2 runs, 1 hit, 0 errors, 0 left on base; Greeneville 3 - Boston (APP) 2 |
| BOTTOM OF THE 4TH |
|
Boston (APP) Red Sox batting - Pitching for Greeneville Astros : RHP Josh Willig
|
|
Batting: RHB Tony Gallegos
|
0-0: Foul Ball, location: 2F 0-1: Foul Ball, location: 2F 0-2: Ball 1-2: Ball 2-2: Strikes out swinging
|
|
Batting: RHB Miguel Villanueva
|
0-0: Called Strike 0-1: Ball 1-1: SINGLE (Flyball, 78S, EV 95.0 MPH)
|
|
Batting: RHB Joe Booth
|
0-0: Ball 1-0: Fielders Choice at 2nd, 6-4 (Groundball, 6S, EV 78.1 MPH)
|
|
Batting: SHB Danny Marquez
|
0-0: Foul Ball, location: 2F 0-1: Fly out, F9 (Flyball, 89S, EV 95.0 MPH)
|
| Bottom of the 4th over - 0 runs, 1 hit, 0 errors, 1 left on base; Greeneville 3 - Boston (APP) 2 |
| TOP OF THE 5TH |
|
Greeneville Astros batting - Pitching for Boston (APP) Red Sox : RHP Ryuhei Shimabukuro
|
|
Batting: RHB Omar Amaya
|
0-0: Ball 1-0: TRIPLE (Line Drive, 89XD, EV 103.1 MPH)
|
|
Batting: LHB Josh Corkery
|
0-0: Foul Ball, location: 2F 0-1: Swinging Strike 0-2: Foul Ball, location: 2F 0-2: Ball 1-2: Foul Ball, location: 2F 1-2: Fly out, F6 (Flyball, 56D, EV 93.1 MPH)
|
|
Batting: LHB Mark Dearth
|
0-0: Ball 1-0: Called Strike 1-1: Ball 2-1: Foul Ball, location: 2F 2-2: Foul Ball, location: 2F 2-2: Strikes out swinging
|
|
Batting: RHB Erik Smith
|
0-0: Foul Ball, location: 2F 0-1: Ball 1-1: Ground out 6-3 (Groundball, 6S, EV 85.0 MPH)
|
| Top of the 5th over - 0 runs, 1 hit, 0 errors, 1 left on base; Greeneville 3 - Boston (APP) 2 |
| BOTTOM OF THE 5TH |
|
Boston (APP) Red Sox batting - Pitching for Greeneville Astros : RHP Josh Willig
|
|
Batting: RHB Jim Hubbard
|
0-0: Ground out 1-3 (Groundball, 13, EV 70.0 MPH)
|
|
Batting: SHB Salvador Padilla
|
0-0: Ball 1-0: Ball 2-0: Fly out, F6 (Popup, 6S, EV 82.5 MPH)
|
|
Batting: LHB Carlos Guerra
|
0-0: Ball 1-0: Fly out, F9 (Flyball, 89S, EV 86.9 MPH)
|
| Bottom of the 5th over - 0 runs, 0 hits, 0 errors, 0 left on base; Greeneville 3 - Boston (APP) 2 |
| TOP OF THE 6TH |
|
Greeneville Astros batting - Pitching for Boston (APP) Red Sox : RHP Ryuhei Shimabukuro
|
|
Batting: LHB Daigo Ishii
|
0-0: Ball 1-0: Called Strike 1-1: Called Strike 1-2: Strikes out looking
|
|
Batting: RHB Russ Greer
|
0-0: Ball 1-0: Called Strike 1-1: Foul Ball, location: 2F 1-2: Foul Ball, location: 2F 1-2: Strikes out swinging
|
|
Batting: RHB Chris Miller
|
0-0: Called Strike 0-1: Ball 1-1: Called Strike 1-2: Foul Ball, location: 2F 1-2: Strikes out swinging
|
| Top of the 6th over - 0 runs, 0 hits, 0 errors, 0 left on base; Greeneville 3 - Boston (APP) 2 |
| BOTTOM OF THE 6TH |
|
Boston (APP) Red Sox batting - Pitching for Greeneville Astros : RHP Josh Willig
|
|
Batting: RHB Alex Melendez
|
0-0: Ball 1-0: Foul Ball, location: 2F 1-1: DOUBLE (Line Drive, 5D, EV 99.4 MPH)
|
|
Batting: RHB Aukukero Tairi
|
0-0: Ball 1-0: Foul Ball, location: 2F 1-1: Swinging Strike 1-2: Ground out 2-3 (Groundball, 2R, EV 59.4 MPH) Alex Melendez to third
|
|
Batting: RHB Tony Gallegos
|
0-0: Ball 1-0: Ball 2-0: Called Strike 2-1: SINGLE (Flyball, 4MD, EV 99.4 MPH) Alex Melendez scores
|
|
Batting: RHB Miguel Villanueva
|
0-0: Ball 1-0: Hit by Pitch Tony Gallegos to second
|
|
Batting: RHB Joe Booth
|
0-0: Ball 1-0: Ball 2-0: Foul Ball, location: 2F 2-1: Ball 3-1: Base on Balls Tony Gallegos to third Miguel Villanueva to second
|
|
Batting: SHB Danny Marquez
|
0-0: Called Strike 0-1: Ball 1-1: Swinging Strike 1-2: Strikes out swinging
|
|
Batting: RHB Jim Hubbard
|
0-0: Called Strike 0-1: Foul Ball, location: 2F 0-2: Ball 1-2: Ball 2-2: Ground out 4-3 (Groundball, 34D, EV 107.5 MPH)
|
| Bottom of the 6th over - 1 run, 2 hits, 0 errors, 3 left on base; Greeneville 3 - Boston (APP) 3 |
| TOP OF THE 7TH |
|
Greeneville Astros batting - Pitching for Boston (APP) Red Sox : RHP Ryuhei Shimabukuro
|
|
Pitching: LHP Rob Hymowitz
|
|
|
Batting: RHB Yoshitoshi Mori
|
0-0: Ball 1-0: Called Strike 1-1: Swinging Strike 1-2: Strikes out looking
|
|
Batting: RHB Gabe Allen
|
0-0: Ball 1-0: Foul Ball, location: 2F 1-1: Ball 2-1: Ball 3-1: Called Strike 3-2: Strikes out swinging
|
|
Batting: RHB Omar Amaya
|
0-0: Ground out 6-3 (Groundball, 6, EV 90.0 MPH)
|
| Top of the 7th over - 0 runs, 0 hits, 0 errors, 0 left on base; Greeneville 3 - Boston (APP) 3 |
| BOTTOM OF THE 7TH |
|
Boston (APP) Red Sox batting - Pitching for Greeneville Astros : RHP Josh Willig
|
|
Batting: SHB Salvador Padilla
|
0-0: Called Strike 0-1: Ball 1-1: Ball 2-1: SINGLE (Line Drive, 78S, EV 105.0 MPH)
|
|
Pitching: RHP Max Warburton
|
|
|
Batting: LHB Carlos Guerra
|
0-0: Called Strike 0-1: Ball 1-1: Ball 2-1: Fly out, F2 (Popup, 2LF, EV 85.0 MPH)
|
|
Batting: RHB Alex Melendez
|
0-0: Ball 1-0: Called Strike 1-1: Grounds into double play, 3-6-3 (Groundball, 34S, EV 86.2 MPH)
|
| Bottom of the 7th over - 0 runs, 1 hit, 0 errors, 0 left on base; Greeneville 3 - Boston (APP) 3 |
| TOP OF THE 8TH |
|
Greeneville Astros batting - Pitching for Boston (APP) Red Sox : LHP Rob Hymowitz
|
|
Batting: LHB Josh Corkery
|
0-0: Ball 1-0: Ball 2-0: Swinging Strike 2-1: Swinging Strike 2-2: Strikes out swinging
|
|
Batting: LHB Mark Dearth
|
0-0: Called Strike 0-1: Foul Ball, location: 2F 0-2: Foul Ball, location: 2F 0-2: Strikes out swinging
|
|
Batting: RHB Erik Smith
|
0-0: Ball 1-0: Swinging Strike 1-1: Swinging Strike 1-2: Ball 2-2: Ball 3-2: Strikes out swinging
|
| Top of the 8th over - 0 runs, 0 hits, 0 errors, 0 left on base; Greeneville 3 - Boston (APP) 3 |
| BOTTOM OF THE 8TH |
|
Boston (APP) Red Sox batting - Pitching for Greeneville Astros : RHP Max Warburton
|
|
Batting: RHB Aukukero Tairi
|
0-0: SINGLE (Line Drive, 7S, EV 92.5 MPH)
|
|
Pinch Hitting: LHB Mike Hutcheson
|
0-0: Called Strike 0-1: Called Strike 0-2: Grounds into double play, 6-4-3 (Groundball, 6, EV 91.9 MPH)
|
|
Batting: RHB Miguel Villanueva
|
0-0: Ball 1-0: Ball 2-0: SOLO HOME RUN (Line Drive, 7D, EV 97.5 MPH), Distance : 379 ft
|
|
Batting: RHB Joe Booth
|
0-0: Ball 1-0: Swinging Strike 1-1: Ball 2-1: Ball 3-1: Foul Ball, location: 2F 3-2: Strikes out swinging
|
| Bottom of the 8th over - 1 run, 2 hits, 0 errors, 0 left on base; Greeneville 3 - Boston (APP) 4 |
| TOP OF THE 9TH |
|
Greeneville Astros batting - Pitching for Boston (APP) Red Sox : LHP Rob Hymowitz
|
|
Pitching: RHP Dan Jenkins
|
|
|
Now at 1B: John Doucette
|
|
|
Batting: LHB Daigo Ishii
|
0-0: Fly out, F8 (Flyball, 8LS, EV 91.2 MPH)
|
|
Batting: RHB Russ Greer
|
0-0: Ball 1-0: Swinging Strike 1-1: Foul Ball, location: 2F 1-2: Strikes out swinging
|
|
Batting: RHB Chris Miller
|
0-0: Called Strike 0-1: Called Strike 0-2: Strikes out swinging
|
| Top of the 9th over - 0 runs, 0 hits, 0 errors, 0 left on base; Greeneville 3 - Boston (APP) 4 |
|